 Dungeon Crawl Stone Soup version 0.26-a0-812-g31a745ddcd (webtiles) character file.

Game seed: 6925261501455744537

210 kae the Insei (level 5, 0/45 HPs)
             Began as a Tengu Transmuter on Nov 23, 2020.
             Slain by a water moccasin skeleton (8 damage)
             ... on level 4 of the Dungeon.
             The game lasted 00:02:11 (3112 turns).

kae the Insei (Tengu Transmuter)                    Turns: 3112, Time: 00:02:12

Health: 0/45       AC:  4    Str: 11    XL:     5   Next: 88%
Magic:  9/10       EV: 16    Int: 14    God:
Gold:   119        SH:  0    Dex: 14    Spells: 5/9 levels left

rFire    . . .     SeeInvis .   b - +1 spear
rCold    . . .     Faith    .   (no shield)
rNeg     . . .     Spirit   .   a - +0 robe
rPois    .         Reflect  .   (helmet currently unavailable)
rElec    .         Harm     .   c - +1 cloak (curse)
rCorr    .         Rampage  .   (no gloves)
MR       .....                  (boots unavailable)
Stlth    ..........             (no amulet)
HPRegen  0.15/turn              (no ring)
MPRegen  0.12/turn              (no ring)

@: berserking, appendages (expiring), flying quickly and evasively, very quick
A: beak, horns 2, talons 3, able to fly
a: Stop Flying, End Transformation


You were on level 4 of the Dungeon.
You had grown temporary horns.
You visited 1 branch of the dungeon, and saw 5 of its levels.

You collected 119 gold pieces.

Inventory:

Hand Weapons
 b - a +1 spear (weapon)
Armour
 a - a +0 robe (worn)
 c - a cursed +1 cloak (worn)
Scrolls
 d - a scroll of noise
 g - 2 scrolls of teleportation
 j - a scroll of remove curse {unknown}
Potions
 e - a potion of berserk rage
 f - 2 potions of mutation
 h - a potion of flight
 i - 2 potions of might
 k - a potion of resistance
 l - a potion of curing


   Skills:
 + Level 2.2 Fighting
 + Level 3.0 Dodging
 * Level 4.6 Unarmed Combat
 + Level 2.7 Spellcasting
 * Level 2.9 Transmutations


You had 5 spell levels left.
You knew the following spells:

 Your Spells              Type           Power        Failure   Level
a - Beastly Appendage     Tmut           ##....       6%          1
b - Spider Form           Tmut/Pois      #.........   34%         3

Your spell library contained the following spells:

 Spells                   Type           Power        Failure   Level
 Wereblood                Tmut           ##......     10%         2
 Ice Form                 Ice/Tmut       #.......     75%         4
 Blade Hands              Tmut           ##........   87%         5


Dungeon Overview and Level Annotations

Branches:
Dungeon (5/15)
 Temple: D:4-7

Altars:
Hepliaklqana
Makhleb
Xom

Annotations:
D:3 exclusions: orc and orc wizard


Innate Abilities, Weirdness & Mutations

You have a beak for a mouth.
You have claws for feet.
You can fly continuously.
You have a pair of horns on your head.


Message History

Your transformation is almost over.
The centaur hits you!
* * * LOW HITPOINT WARNING * * *
You puncture the centaur! Your kick misses the centaur.
Your headbutt misses the centaur.
The centaur is moderately wounded.
The centaur closely misses you.
You puncture the centaur!
You kill the centaur!
Your Dodging skill increases to level 3!
The water moccasin skeleton misses you.
Things that are here:
a +0 shortbow; 17 arrows You completely miss the water moccasin skeleton.
You claw the water moccasin skeleton!
You headbutt the water moccasin skeleton!
You peck the water moccasin skeleton.
The water moccasin skeleton is almost destroyed.
The water moccasin skeleton bites you!
You die...

#.#.# #...# #. #c.#
#.
#..###.##############
#.>..#..............#
####.#..............#
#.#......).......#
#.##.............#
#Z@'.............#
####.............#
#.............#
#.............#
#.............#
#.............#
#.............#
#....##.#######
##.####.#


You could see a water moccasin skeleton.

Vanquished Creatures
  A centaur (D:4)
  A hound (D:2)
  A hound skeleton (D:3)
  Robin (D:2)
  A gnoll (D:1)
  2 adders
  A worm (D:3)
  A dart slug (D:1)
  A leopard gecko (D:1)
  An orc (D:4)
  3 bats (D:2)
  6 giant cockroaches
  8 goblins
  5 hobgoblins
  A ball python (D:1)
  4 frilled lizards (D:1)
  4 kobolds
  6 rats
48 creatures vanquished.

Notes
Turn   | Place    | Note
-------+----------+-------------------------------------------
     0 | D:1      | kae the Tengu Transmuter began the quest for the Orb.
     0 | D:1      | Reached XP level 1. HP: 12/12 MP: 4/4
   274 | D:1      | Reached XP level 2. HP: 2/16 MP: 6/6
  1020 | D:1      | Reached XP level 3. HP: 20/20 MP: 5/7
  1025 | D:1      | Learned a level 3 spell: Spider Form
  1952 | D:2      | Reached skill level 4 in Unarmed Combat
  1952 | D:2      | Reached XP level 4. HP: 21/26 MP: 8/8
  2017 | D:2      | Found a burning altar of Makhleb.
  2387 | D:2      | Noticed Robin
  2404 | D:2      | Killed Robin
  2659 | D:2      | Found a hazy altar of Hepliaklqana.
  2660 | D:2      | Found a shimmering altar of Xom.
  2660 | D:2      | Noticed a caustic shrike
  2661 | D:2      | Noticed a spectral ugly thing
  2661 | D:2      | Noticed a caustic shrike
  2726 | D:3      | Gained mutation: You can fly continuously. [Tengu growth]
  2726 | D:3      | Reached XP level 5. HP: 23/30 MP: 7/9
  2952 | D:3      | You are sucked into a shaft and drop 2 floors!
  2952 | D:5      | Entered Level 5 of the Dungeon
  3095 | D:4      | Noticed a centaur
  3110 | D:4      | Killed a centaur
  3112 | D:4      | Slain by a water moccasin skeleton

Illustrated notes

Levels and vault maps discovered:
D:1:      sevenhm_arrival_forest_fort_small_4, layout_basic
D:2:      layout_loops_cross, regret_index_temple_of_mockery,
          makhleb_blood_cavern_becter, uniq_robin
D:3:      layout_loops_ring, nicolae_overflow_hidden_temple,
          gammafunk_temple_overflow_wave, portal_sewer_entry_a,
          uniq_crazy_yiuf_cottage
D:4:      layout_basic, serial_shops, nicolae_shop_waterfront
D:5:      layout_basic, hangedman_decor_lopped

Skill      XL: |  1  2  3  4  5 |
---------------+----------------+-----
Transmutations | 2 |  2.9
Unarmed Combat | 4 |  4.6
Fighting       | 2 |  2.2
Dodging        | 3 |  3.0
Spellcasting   | |  2.7

Action                   |  1- 3 |  4- 6 || total
-------------------------+-------+-------++-------
Melee: Spear             |   100 |    44 ||   144
       Unarmed           |     3 |       ||     3
       Headbutt          |     7 |     4 ||    11
       Kick              |    14 |    13 ||    27
       Peck              |     8 |     8 ||    16
 Cast: Beastly Appendage |    23 |    12 ||    35
 Abil: Fly               |       |     1 ||     1
  Use: Scroll            |     7 |     4 ||    11
       Potion            |       |     2 ||     2
 Stab: Sleeping          |     2 |       ||     2
Armor: Robe              |    13 |     4 ||    17
Dodge: Dodged            |    61 |    30 ||    91

Table legend: (Time is in decaauts)
 A = Elapsed time spent in this place.
 B = Non-inter-level travel time spent in this place.
 C = Inter-level travel time spent in this place.
 D = Time resting spent in this place.
 E = Time spent auto-exploring this place.
 F = Levels seen in this place.
 G = Mean time per level.
                   A        B        C        D        E       F      G
               +--------+--------+--------+--------+--------+-----+--------+
         Total |   3115 |   3103 |     12 |    357 |   2308 |   5 |  623.0 |
       Dungeon |   3115 |   3103 |     12 |    357 |   2308 |   5 |  623.0 |
               +--------+--------+--------+--------+--------+-----+--------+

Top non-repeatable levels by time:
     D:1: 1519 daAuts
     D:2: 1190 daAuts
     D:3: 251 daAuts
     D:4: 151 daAuts
     D:5: 2 daAuts
